AoeStats
← Hector

Nomad

507501402Analyzed
4v4 RM · 13d ago on Sep 18, 2026· 36m 40s· 8 players
Game mode
Random Map
Map size
231×231
Population
200
Speed
Normal
Resources
Standard
Victory
Conquest
Starting age
Dark Age
Ending age
Imperial Age
RankedLock teamsTeams togetherTeam positionsShared explorationLock speedFull tech treeHidden civsTurbo modeCheats
Victory
Defeat
🇦🇹 Berbers · Austria
1410
+14
🇺🇸 Bulgarians · United States
1400
+15
🇨🇴 Celts · Colombia
1395
+15
🇨🇴 Persians · Colombia
1342
+17
🇹🇼 Vikings · Taiwan
1403
-16
1387
-16
🇻🇳 Armenians · Vietnam
1380
-16
🇹🇼 Khmer · Taiwan
1303
-13
Phu Thuy
5:35 Loom
14:22 Feudal Age
15:48 Wheelbarrow
15:04 Double-Bit Axe
18:38 Fletching
19:41 Fishing Lines
28:55 Castle Age
29:21 Forging
29:12 Scale Mail Armor
30:03 Bow Saw
30:13 Gillnets
31:27 Pikeman
32:08 Squires
32:12 Halberdier
35:10 Iron Casting
36:03 Chain Mail Armor
HPer
5:34 Loom
14:15 Feudal Age
15:49 Town Watch
18:52 Castle Age
17:41 Stone Mining
17:41 Fishing Lines
20:07 Horse Collar
20:13 Double-Bit Axe
24:29 Bow Saw
26:21 Gold Mining
32:20 Imperial Age
34:48 Gillnets
Happy new year
5:45 Loom
12:58 Feudal Age
22:24 Castle Age
20:48 Double-Bit Axe
25:58 Husbandry
26:36 Wheelbarrow
26:24 Bloodlines
29:55 Scale Barding Armor
32:55 Forging
33:03 Pikeman
35:20 Hand Cart
娘子出來看上帝了
4:31 Loom
13:54 Feudal Age
19:29 Castle Age
17:59 Fletching
18:29 Double-Bit Axe
18:30 Fishing Lines
18:55 Horse Collar
20:29 Bow Saw
21:20 Medium Warships
22:30 Wheelbarrow
21:55 Bodkin Arrow
25:23 Town Watch
25:51 Forging
25:52 Gold Mining
28:25 Gillnets
35:15 Imperial Age
33:44 Husbandry
35:29 Hand Cart
36:02 Bloodlines
IamBritt
4:52 Loom
15:12 Feudal Age
16:11 Double-Bit Axe
18:51 Castle Age
17:40 Gold Mining
19:09 Bloodlines
19:06 Scale Barding Armor
20:07 Bow Saw
20:28 Horse Collar
21:09 Husbandry
21:33 Chain Barding Armor
25:14 Forging
30:07 Iron Casting
33:14 Gold Shaft Mining
32:57 Scale Mail Armor
37:24 Imperial Age
35:30 Wheelbarrow
36:09 Heavy Plow
ederps24
3:33 Loom
15:19 Feudal Age
18:48 Fletching
22:08 Forging
22:24 Scale Mail Armor
25:53 Castle Age
26:29 Bodkin Arrow
33:15 Town Watch
34:15 Wheelbarrow
Hector
13:06 Loom
15:18 Feudal Age
19:50 Castle Age
18:04 Double-Bit Axe
18:01 Horse Collar
24:52 Heavy Plow
25:10 Bow Saw
28:51 Wheelbarrow
28:52 Fletching
29:28 Bodkin Arrow
29:33 Gold Mining
29:34 Stone Mining
30:00 Hand Cart
33:54 Imperial Age
31:41 Medium Warships
32:59 Ballistics
32:40 Padded Archer Armor
32:47 Kasbah
33:41 Masonry
33:47 Leather Archer Armor
35:39 Chemistry
34:41 Bracer
35:51 Conscription
35:42 Siege Engineers
37:40 Crop Rotation
37:43 Ring Archer Armor
Morlhaw
5:13 Loom
13:04 Feudal Age
14:03 Double-Bit Axe
18:52 Castle Age
18:17 Forging
18:30 Gold Mining
19:48 Medium Warships
25:11 Horse Collar
25:42 Bow Saw
26:08 Heavy Plow
29:15 Wheelbarrow
31:39 Hand Cart
31:09 Town Watch
35:15 Imperial Age
33:07 Town Patrol
33:52 Stone Mining
34:37 Gold Shaft Mining
34:17 Arson
34:33 Scale Mail Armor
35:09 Iron Casting
34:04 Pikeman
35:37 Chain Mail Armor
35:24 Halberdier
35:32 Capped Ram
Connection lost

Rejoining the realm…

Still unreachable

The connection could not be restored.

Session expired

The server has moved on; the page needs a fresh start.